AoeStats
← kirigi_sama

Arabia

509904341Analyzed
2v2 RM · 3d ago on Sep 28, 2026· 70m 26s· 4 players
Game mode
Random Map
Map size
Medium (4 player)
Population
200
Speed
Normal
Resources
Standard
Victory
Conquest
Starting age
Dark Age
Ending age
Imperial Age
RankedLock teamsTeams togetherTeam positionsShared explorationLock speedFull tech treeHidden civsTurbo modeCheats
Victory
Defeat
🇸🇬 Japanese · Singapore
950
+16
🇨🇳 Berbers · China
933
+17
🇹🇷 Turks · Türkiye
953
-17
🇪🇸 Saxons · Spain
943
-16
kirigi_sama
5:34 Loom
11:39 Feudal Age
16:38 Double-Bit Axe
24:04 Horse Collar
27:14 Castle Age
26:33 Bloodlines
26:26 Fletching
26:36 Padded Archer Armor
26:43 Gold Mining
28:23 Husbandry
29:22 Bodkin Arrow
30:28 Gold Shaft Mining
31:32 Bow Saw
32:29 Ballistics
33:10 Thumb Ring
33:23 Leather Archer Armor
35:09 Town Watch
37:35 Heavy Plow
40:22 Wheelbarrow
43:51 Imperial Age
43:20 Hand Cart
45:09 Parthian Tactics
44:05 Heavy Cavalry Archer
44:09 Elite Genitour
46:03 Chemistry
45:23 Town Patrol
45:29 Bracer
45:59 Ring Archer Armor
46:50 Two-Man Saw
48:36 Elite Genitour
52:53 Conscription
57:38 Elite Samurai
67:13 Spies/Treason
1543394932
6:51 Loom
9:03 Feudal Age
9:51 Double-Bit Axe
16:24 Horse Collar
18:29 Wheelbarrow
18:50 Scale Barding Armor
21:03 Castle Age
20:01 Bloodlines
20:04 Scale Barding Armor
20:16 Gold Mining
21:55 Forging
22:18 Husbandry
22:04 Light Cavalry
23:26 Chain Barding Armor
25:02 Bow Saw
28:41 Hand Cart
28:19 Fletching
28:29 Padded Archer Armor
30:10 Bodkin Arrow
30:31 Leather Archer Armor
34:56 Ballistics
36:09 Iron Casting
35:50 Thumb Ring
38:32 Imperial Age
36:54 Heavy Plow
38:37 Cavalier
40:06 Plate Barding Armor
39:31 Bracer
39:25 Elite Genitour
41:38 Conscription
42:06 Ring Archer Armor
42:43 Blast Furnace
51:33 Chemistry
67:07 Spies/Treason
Lucas Grijander
9:06 Loom
11:22 Feudal Age
11:39 Man-at-Arms
13:11 Wheelbarrow
15:25 Double-Bit Axe
15:34 Arson
23:26 Castle Age
22:06 Horse Collar
24:53 Hand Cart
25:12 Bow Saw
24:58 Pikeman
25:40 Squires
Hz.Jesus
11:44 Feudal Age
17:37 Castle Age
16:28 Stone Mining
19:36 Loom
24:42 Double-Bit Axe
28:01 Padded Archer Armor
28:46 Scale Barding Armor
35:14 Imperial Age
34:46 Fervor
35:17 Bow Saw
35:30 Leather Archer Armor
35:07 Fletching
35:40 Fortified Wall
36:28 Sipahi
36:14 Gold Mining
37:53 Conscription
40:01 Ring Archer Armor
39:59 Bodkin Arrow
40:54 Artillery
43:36 Bracer
43:47 Scale Mail Armor
46:34 Chain Barding Armor
46:25 Forging
47:04 Wheelbarrow
48:34 Plate Barding Armor
48:54 Iron Casting
51:42 Blast Furnace
51:20 Bloodlines
51:11 Husbandry
53:51 Murder Holes
Connection lost

Rejoining the realm…

Still unreachable

The connection could not be restored.

Session expired

The server has moved on; the page needs a fresh start.